 Dungeon Crawl Stone Soup version 0.14-a0-1388-g200237c (webtiles) character file.

397 PolkaDot the Cutter (level 5, -1/41 HPs)
             Began as a Vampire Gladiator on Dec 9, 2013.
             Was a Follower of Yredelemnul.
             Slain by a gnoll
             ... wielding a +0,+0 halberd
              (3 damage)
             ... on Level 4 of the Dungeon.
             The game lasted 00:09:55 (2840 turns).

PolkaDot the Cutter (Vampire Gladiator)             Turns: 2840, Time: 00:09:56

HP  -1/41        AC  6     Str 14      XL: 5   Next: 95%
MP   5/5         EV 14     Int 15      God: Yredelemnul [*.....]
Gold 137         SH  0     Dex 15      Spells:  0 memorised,  4 levels left

rFire  . . .     SeeInvis +     a - +0 short sword
rCold  . . .     Clarity  .     r - +2 leather armour {MR+}
rNeg   . . .     Conserve .     (no shield)
rPois  .         rCorr    .     c - +0 helmet
rElec  .         rRot     .     (no cloak)
SustAb . .       Spirit   .     (no gloves)
rMut   .         Warding  .     (no boots)
Saprov . . .     Stasis   +     v - amulet of stasis
                                t - ring of sustenance
                                g - +5 ring of intelligence

@: regenerating quickly, somewhat resistant to hostile enchantments, unstealthy
A: fangs 3, see invisible, unbreathing
a: Animate Remains, Renounce Religion


You were on level 4 of the Dungeon.
You worshipped Yredelemnul.
Yredelemnul was aware of your devotion.
You were very full.

You visited 1 branch of the dungeon, and saw 4 of its levels.

You collected 137 gold pieces.

Inventory:

Hand weapons
 a - a +0,+0 short sword (weapon)
 q - a +1,+1 elven dagger of holy wrath
Missiles
 d - 3 throwing nets (quivered)
Armour
 c - a +0 helmet (worn)
 r - a +2 leather armour of magic resistance (worn)
Scrolls
 b - a scroll of recharging {unknown}
 l - 2 scrolls of identify {unknown}
 m - a scroll of magic mapping {unknown}
 n - a scroll of immolation {unknown}
 o - a scroll of curse weapon {unknown}
 p - a scroll of enchant weapon II {unknown}
 s - 2 scrolls of blinking {unknown}
 u - a scroll of random uselessness {unknown}
 w - a scroll of enchant weapon I {unknown}
 y - 2 scrolls of remove curse {unknown}
Jewellery
 g - a +5 ring of intelligence (left hand)
 t - a ring of sustenance (right hand)
 v - an amulet of stasis (around neck)
Potions
 e - a potion of confusion {unknown}
 f - a potion of might {unknown}
 i - a potion of lignification {unknown}
 j - a potion of speed
 k - a potion of restore abilities {unknown}
 x - a potion of magic {unknown}


   Skills:
 * Level 3.3 Fighting
 - Level 5.0 Short Blades
 - Level 1.5 Throwing
 * Level 5.0 Dodging
 + Level 0.8 Invocations


You had 4 spell levels left.
You didn't know any spells.

Dungeon Overview and Level Annotations

Branches:
Dungeon (4/16)
 Temple: D:4-7

Altars:
Elyvilon
Okawaru
Vehumet
Yredelemnul


Innate Abilities, Weirdness & Mutations

Your natural rate of healing is unusually fast.
You have razor-sharp teeth.*
You have supernaturally acute eyesight.
You can survive without breathing.*


Message History

You hit the gnoll but do no damage. You bite the gnoll.
The gnoll is almost dead.
The gnoll barely misses you. The gnoll hits you but does no damage.
Your kobold zombie closely misses the gnoll.
You closely miss the gnoll.
The gnoll is almost dead.
The gnoll hits you! The gnoll closely misses you.
You completely miss the gnoll.
The gnoll is almost dead.
Your kobold zombie hits the gnoll but does no damage.
The gnoll hits you.
* * * LOW HITPOINT WARNING * * *
You barely miss the gnoll. Your bite misses the gnoll.
The gnoll is almost dead.
The gnoll hits you but does no damage. The gnoll hits you.
* * * LOW HITPOINT WARNING * * *
Your kobold zombie misses the gnoll.
The gnoll hits you from afar with a halberd.
You die...
Yredelemnul claims you as an undead slave.

#.......<.#
#.#######.#
#.# #.####
#..).# #.##)#
#.##)#
#.####.##.#
#.....##@###
##......z..###
#.####...gg..#
#. #.#.#.#.# #
#.#.#.# #
#...........
#..#..#.###
#........
#.#....K.


You could see 2 gnolls and a friendly kobold zombie.

Vanquished Creatures
  A centaur (D:3)
  The ghost of Illaniel the Charmwright, a weakling HESk (D:3)
  Ijyb (D:4)
  A gnoll (D:4)
  A giant mite (D:3)
  6 adders
  A worm (D:2)
  10 orcs
  A giant cockroach (D:1)
  3 goblins
  5 hobgoblins
  4 jackals (D:2)
  12 kobolds
  2 quokkas
  6 bats
  A giant gecko (D:2)
  2 giant newts (D:3)
  7 rats
65 creatures vanquished.

Vanquished Creatures (others)
  A hobgoblin zombie (D:4)
1 creature vanquished.

Grand Total: 66 creatures vanquished

Notes
Turn   | Place    | Note
--------------------------------------------------------------
     0 | D:1      | PolkaDot, the Vampire Gladiator, began the quest for the Orb.
     0 | D:1      | Reached XP level 1. HP: 16/16 MP: 1/1
   482 | D:1      | Reached XP level 2. HP: 20/22 MP: 2/2
   881 | D:2      | Reached skill level 4 in Short Blades
  1060 | D:2      | Reached XP level 3. HP: 12/27 MP: 3/3
  1144 | D:2      | Found a basalt altar of Yredelemnul.
  1144 | D:2      | Found a radiant altar of Vehumet.
  1146 | D:2      | Found a white marble altar of Elyvilon.
  1148 | D:2      | Found an iron altar of Okawaru.
  1168 | D:2      | Became a worshipper of Yredelemnul the Dark
  1689 | D:3      | Reached XP level 4. HP: 27/34 MP: 4/4
  1788 | D:3      | Noticed Illaniel's ghost (weakling HESk)
  1826 | D:3      | Killed Illaniel's ghost
  1892 | D:3      | Reached XP level 5. HP: 32/39 MP: 5/5
  1917 | D:3      | Reached skill level 5 in Short Blades
  2167 | D:3      | Acquired Yredelemnul's first power
  2247 | D:3      | Noticed a centaur
  2259 | D:3      | Killed a centaur
  2674 | D:4      | Noticed Ijyb
  2703 | D:4      | Killed Ijyb
  2703 | D:4      | Reached skill level 5 in Dodging
  2839 | D:4      | HP: 2/41 [gnoll (5)]
  2840 | D:4      | Slain by a gnoll

Action                   |  1- 3 |  4- 6 || total
-------------------------+-------+-------++-------
Melee: Short sword       |   156 |   212 ||   368
Invok: Animate Remains   |       |     8 ||     8
  Use: Potion            |     1 |     4 ||     5
